 Dungeon Crawl Stone Soup version 0.26.1-2-gb8aa6d0cf2 (webtiles) character file.

Game seed: 17670781370305250557

240731 snilsmaster the Blocker (level 19, -14/159 (167) HPs)
             Began as a Gnoll Fighter on Feb 21, 2021.
             Was the Champion of Okawaru.
             Killed from afar by a halazid warlock (44 damage)
             ... with a ghostly fireball
             ... in the Desolation of Salt.
             The game lasted 01:56:02 (40681 turns).

snilsmaster the Blocker (Gnoll Fighter)            Turns: 40681, Time: 01:56:03

HP:   -14/159 (167) AC: 33    Str: 25    XL:     19   Next: 79%
MP:   25/26         EV: 20    Int: 12    God:    Okawaru [******]
Gold: 242           SH: 11    Dex: 15    Spells: 39/43 levels left

rFire    + + .     SeeInvis +   a - +8 lance "Wyrmbane" {slay drac, rPois rF+ rC+ AC+3}
rCold    + + .     Faith    .   U - +3 warlock's mirror {reflect}
rNeg     . . .     Spirit   .   V - +8 chain mail of a treasure trove {rElec Regen+ MP-9 Stlth+}
rPois    +         Reflect  +   R - +2 hat {Will+}
rElec    +         Harm     +   v - scarf {rC+ rF+}
rCorr    .         Rampage  .   A - +2 pair of gloves of Qiskak {Harm Will+ Str-2}
Will     +++..                  j - +2 pair of boots {run}
Stlth    ++++......             b - amulet of Vitality {Regen+ HP+15}
HPRegen  1.16/turn              f - ring "Foustrul" {+Inv SInv}
MPRegen  0.20/turn              w - ring of Qeasioruss {EV+4 Slay+3 Stlth+}

@: berserk cooldown, slowed, drained, very slow
A: distributed training, fangs 1, blurry vision 1, strong 1, strong nose
}: 1/15 runes: barnacled
a: Renounce Religion, Evoke Invisibility, Heroism, Finesse


You were in the Desolation of Salt.
You worshipped Okawaru.
Okawaru was exalted by your worship.
You visited 6 branches of the dungeon, and saw 30 of its levels.
You also visited: Sewer and Desolation.

You collected 5073 gold pieces.
You spent 4831 gold pieces at shops.

Inventory:

Hand Weapons
 a - the +8 lance "Wyrmbane" (weapon) {slay drac, rPois rF+ rC+ AC+3}
   (You bought it in a shop on level 2 of the Orcish Mines)

   It affects your AC (+3).
   It protects you from fire.
   It protects you from cold.
   It protects you from poison.
 k - a +9 demon whip of flaming
 l - the +8 arc blade {discharge, rElec}
   (You found it on level 3 of the Lair of Beasts)

   It insulates you from electricity.
Missiles
 o - 7 throwing nets {!f}
 G - 41 silver javelins (quivered)
 H - 45 javelins
 P - 121 boomerangs
Armour
 j - a +2 pair of boots of running (worn)
 q - the +9 plate armour of the Furrier {Regen+}
   (You bought it in a shop on level 4 of the Dungeon)

   It increases your rate of regeneration.
 v - a scarf of resistance (worn)
 A - the +2 pair of gloves of Qiskak (worn) {Harm Will+ Str-2}
   (You bought it in a shop on level 4 of the Dungeon)

   It affects your strength (-2).
   It affects your willpower, your defense against some magical effects.
   It increases damage dealt and taken.
 R - a +2 hat of willpower (worn)
 U - the +3 warlock's mirror (worn) {reflect}
   (You bought it in a shop on level 4 of the Dungeon)
 V - the +8 chain mail of a treasure trove (worn) {rElec Regen+ MP-9 Stlth+}
   (You bought it in a shop on level 4 of the Dungeon)

   It insulates you from electricity.
   It affects your magic capacity (-9).
   It increases your rate of regeneration.
   It makes you more stealthy.
Jewellery
 b - the amulet of Vitality (around neck) {Regen+ HP+15}
   (You found it on level 14 of the Dungeon)

   [amulet of regeneration]

   It affects your health (+15).
   It increases your rate of regeneration.
 f - the ring "Foustrul" (left hand) {+Inv SInv}
   (You found it on level 12 of the Dungeon)

   [ring of see invisible]

   It lets you see invisible.
   It lets you turn invisible.
 r - an uncursed ring of resist corrosion
 w - the ring of Qeasioruss (right hand) {EV+4 Slay+3 Stlth+}
   (You found it on level 15 of the Dungeon)

   [ring of evasion]

   It affects your evasion (+4).
   It affects your accuracy and damage with ranged weapons and melee attacks
   (+3).
   It makes you more stealthy.
 N - the ring of Lorhuong {Wiz rC+ Dex+2}
   (You found it on level 15 of the Dungeon)

   [ring of wizardry]

   It improves your spell success rate.
   It affects your dexterity (+2).
   It protects you from cold.
Wands
 i - a wand of polymorph (4)
 m - a wand of paralysis (21)
 s - a wand of disintegration (18)
 t - a wand of digging (26) {@v1}
 D - a wand of acid (19) {@v2}
 J - a wand of flame (26)
 K - a wand of random effects (12)
 S - a wand of iceblast (18) {@v4}
 Y - a wand of enslavement (22)
Scrolls
 e - 2 scrolls of fog
 g - 9 scrolls of amnesia
 u - 8 scrolls of magic mapping
 x - a scroll of silence
 y - 3 scrolls of identify {@r1}
 C - 3 scrolls of fear
 E - a scroll of enchant armour
 F - 2 scrolls of blinking {@r4}
 I - 6 scrolls of enchant weapon
 Q - 7 scrolls of remove curse {@r2}
 Z - 17 scrolls of teleportation {@r3}
Potions
 d - 3 potions of might {@q4}
 h - 2 potions of heal wounds {@q2}
 n - 3 potions of brilliance {@q6}
 p - 6 potions of attraction
 z - 2 potions of invisibility
 B - 5 potions of haste {@q3}
 L - 10 potions of lignification
 M - 6 potions of ambrosia
 O - 3 potions of magic
 T - 7 potions of curing {@q1}
 W - 6 potions of flight
Miscellaneous
 c - a tin of tremorstones (2/2)


   Skills:
 + Level 14.0 Fighting
 + Level 12.8 Short Blades
 + Level 12.8 Long Blades
 + Level 13.4 Axes
 + Level 12.8 Maces & Flails
 + Level 12.8 Polearms
 + Level 12.8 Staves
 + Level 12.8 Slings
 + Level 12.8 Bows
 + Level 12.8 Crossbows
 + Level 12.8 Throwing
 + Level 14.0 Armour
 + Level 12.8 Dodging
 + Level 12.8 Stealth
 + Level 14.0 Shields
 + Level 12.8 Unarmed Combat
 + Level 12.8 Spellcasting
 + Level 11.0 Conjurations
 + Level 11.0 Hexes
 + Level 11.0 Summonings
 + Level 11.0 Necromancy
 + Level 11.0 Translocations
 + Level 11.0 Transmutations
 + Level 11.0 Fire Magic
 + Level 11.0 Ice Magic
 + Level 11.0 Air Magic
 + Level 11.0 Earth Magic
 + Level 11.0 Poison Magic
 + Level 13.8 Invocations
 + Level 12.8 Evocations


You had 39 spell levels left.
You knew the following spells:

 Your Spells              Type           Power        Failure   Level
a - Swiftness             Air            34%          1%          2
b - Blink                 Tloc           N/A          1%          2

Your spell library contained the following spells:

 Spells                   Type           Power        Failure   Level
 Animate Skeleton         Necr           68%          1%          1
 Apportation              Tloc           68%          1%          1
 Beastly Appendage        Tmut           68%          1%          1
 Corona                   Hex            37%          1%          1
 Foxfire                  Conj/Fire      100%         1%          1
 Freeze                   Ice            100%         1%          1
 Magic Dart               Conj           100%         1%          1
 Shock                    Conj/Air       100%         1%          1
 Sting                    Tmut/Pois      100%         1%          1
 Summon Small Mammal      Summ           100%         1%          1
 Call Imp                 Summ           34%          1%          2
 Ensorcelled Hibernation  Hex/Ice        68%          1%          2
 Poisonous Vapours        Pois/Air       68%          1%          2
 Slow                     Hex            34%          1%          2
 Call Canine Familiar     Summ           34%          1%          3
 Confusing Touch          Hex            34%          1%          3
 Conjure Flame            Conj/Fire      34%          1%          3
 Dazzling Flash           Conj/Hex       68%          1%          3
 Frozen Ramparts          Ice            68%          1%          3
 Gell's Gravitas          Tloc           17%          1%          3
 Ignite Poison            Fire/Tmut/Pois 34%          1%          3
 Inner Flame              Hex/Fire       34%          1%          3
 Lesser Beckoning         Tloc           17%          1%          3
 Mephitic Cloud           Conj/Pois/Air  34%          1%          3
 Ozocubu's Armour         Ice            34%          1%          3
 Portal Projectile        Hex/Tloc       68%          1%          3
 Spider Form              Tmut/Pois      17%          1%          3
 Static Discharge         Conj/Air       34%          1%          3
 Summon Guardian Golem    Hex/Summ       34%          1%          3
 Teleport Other           Tloc           34%          1%          3
 Tukima's Dance           Hex            34%          1%          3
 Airstrike                Air            17%          4%          4
 Hailstorm                Conj/Ice       34%          4%          4
 Ice Form                 Ice/Tmut       34%          4%          4
 Leda's Liquefaction      Hex/Erth       17%          4%          4
 Passage of Golubria      Tloc           N/A          4%          4
 Petrify                  Tmut/Erth      34%          4%          4
 Sticky Flame             Conj/Fire      34%          4%          4
 Summon Ice Beast         Ice/Summ       34%          4%          4
 Summon Lightning Spire   Summ/Air       34%          4%          4
 Alistair's Intoxication  Tmut/Pois      22%          11%         5
 Fireball                 Conj/Fire      17%          11%         5
 Irradiate                Conj/Tmut      17%          11%         5
 Lightning Bolt           Conj/Air       17%          11%         5
 Summon Demon             Summ           17%          11%         5
 Summon Forest            Summ/Tloc      17%          11%         5
 Summon Mana Viper        Hex/Summ       34%          11%         5
 Freezing Cloud           Conj/Ice/Air   17%          52%         6
 Hydra Form               Tmut           17%          52%         6
 Shadow Creatures         Summ           N/A          52%         6
 Dragon Form              Tmut           17%          98%         7
 Summon Hydra             Summ           17%          98%         7
 Discord                  Hex            17%          100%        8


Dungeon Overview and Level Annotations

Branches:
Dungeon (15/15)            Temple (1/1) D:7            Lair (6/6) D:8
 Shoals (4/4) Lair:2        Snake (0/4) Lair:2        Slime (0/5) Lair:5
    Orc (2/2) D:12            Elf (2/3) Orc:2        Vaults (0/5) D:13
 Depths (0/5) D:15          Sewer (visited)         Desolation (1/1)

Altars:
Cheibriados
Elyvilon
Fedhas
Gozag
Makhleb
Okawaru
Ru
Sif Muna
Trog
Yredelemnul
Zin
The Shining One
Beogh
Jiyva

Shops:
D:4 [[   D:5 ?(   Orc:2 *(=[*[   Elf:1 (!:[

Portals:
Trove: D:10 (give 12 potions of heal wounds)


Innate Abilities, Weirdness & Mutations

Your experience applies equally to all skills.
You have very sharp teeth.
Your uncanny sense of smell can sniff out nearby items.
Scrolls take you a little longer to read.
Your muscles are strong. (Str +2)


Message History

* * * LOW HITPOINT WARNING * * *
The saltling hits you but does no damage. x2
The saltling misses you. The saltling barely misses you. The saltling hits you!
* * * LOW HITPOINT WARNING * * *
Really read with blurry vision while enemies are nearby?
The saltling hits you but does no damage.
You block the saltling's attack.
You begin reading the scroll.
You continue reading the scroll.
You block the saltling's attack.
The saltling hits you but does no damage.
The halazid warlock mumbles some strange words.
The saltling hits you but does no damage.
The saltling hits you.
* * * LOW HITPOINT WARNING * * *
The saltling closely misses you.
The halazid warlock gestures at the saltling while chanting.
The saltling's animating energy erupts into ghostly fire!
The ghostly flame explodes!
The ghostly fireball engulfs you!!!
You feel drained.
You die...

...........................
........................§§.
.......................#...
...........................
...........................
...........................
..................∩.∩......
.................8)........
................@))†.......
.................8.........
................)8p..p.....
.................#..88.....
..............8......8.....
.........§§§.......8......§
......#.§§§.§§§§.8.L.p...§§
.........§§§§.§§§.......§§§
.....§§§§..§§§§§........§


You could see a ragged hierophant, a servant of whispers (summoned, wandering),
an imperial myrmidon (summoned), a halazid warlock (sheltered), a peacekeeper
(summoned, wandering) and 8 saltlings.

Vanquished Creatures
  Mara (Shoals:4)
  Nikola (Shoals:1)
  Gastronok (D:9)
  The ghost of Qymaymp the Geomancer, an adept GrEE of Vehumet (D:13)
  Ilsuiw (Shoals:4)
  An orc warlord (Orc:2)
  2 deep elf sorcerers (Elf:1)
  A very ugly thing (D:15)
  A halazid warlock (Desolation)
  Azrael (Elf:1)
  The ghost of Nebesus the Blocker, a journeyman GrFi of the Shining One (Lair:5)
  An ettin (D:15)
  6 merfolk javelineers
  7 merfolk impalers
  Josephine (D:10)
  2 ogre magi
  A crystal guardian (Desolation)
  2 yaktaur captains (D:15)
  Erolcha (D:13)
  2 ragged hierophants (Desolation)
  3 great orbs of eyes
  Harold (D:11)
  5 vault guards
  8 servants of whispers (Desolation)
  A peacekeeper (Desolation)
  2 boulder beetles
  5 hydras
  3 alligator snapping turtles
  6 centaur warriors
  3 merfolk avatars
  11 two-headed ogres
  A satyr (Shoals:4)
  3 dancing weapons (Elf:2)
  3 death knights
  6 merfolk aquamancers
  5 death yaks (Lair:1)
  The ghost of arta456 the Thaumaturge, a journeyman DECj of Sif Muna (Orc:2)
  4 tengu warriors
  Urug (Lair:4)
  3 orc high priests (Orc:2)
  Sonja (Orc:2)
  5 deep elf knights
  2 shadow wraiths (D:14)
  10 sea snakes
  2 wizards
  An unseen horror (D:7)
  Pikel (D:7)
  27 harpies
  A deep troll (D:15)
  4 deep elf archers
  9 orc knights
  An ironbrand convoker (Desolation)
  7 orc sorcerers
  9 ugly things
  36 deep elf magi
  14 cyclopes
  20 fauns
  3 centaur zombies
  11 manticores
  14 elephants
  5 water nymphs
  8 merfolk sirens
  Maurice (D:8)
  Psyche (D:8)
  2 guardian serpents (Desolation)
  4 black mambas
  Joseph (D:8)
  Maggie (D:8)
  3 gargoyles
  A centaur skeleton (D:12)
  9 rime drakes
  23 cane toads
  6 freezing wraiths
  A kobold demonologist (D:15)
  An efreet (D:14)
  A redback zombie (D:15)
  11 komodo dragons
  A meliai (shapeshifter) (Elf:2)
  A tengu conjurer (D:15)
  A jumping spider (shapeshifter) (D:14)
  2 polar bears
  10 wind drakes
  5 slime creatures
  6 trolls
  3 hornets
  14 saltlings (Desolation)
  32 merfolk
  19 blink frogs
  10 snapping turtles
  Prince Ribbit (Lair:1)
  An air elemental (Elf:2)
  11 dream sheep
  11 water elementals
  5 shadows
  A tarantella (shapeshifter) (Elf:2)
  A human (shapeshifter) (Elf:2)
  53 yaks
  8 fire elementals
  9 basilisks
  6 wyverns
  13 wraiths
  A steam dragon (D:14)
  A vampire mosquito (D:15)
  2 acid dragons
  4 wargs
  A soldier ant (D:14)
  13 water moccasins
  2 floating eyes (D:15)
  3 hell hounds (Elf:1)
  A swamp drake (D:12)
  46 orc warriors
  5 black bears
  2 phantoms
  6 ice beasts
  2 sky beasts
  2 eyes of draining
  A hornet zombie (D:8)
  22 wolves
  4 boggarts
  14 ogres
  10 centaurs
  2 lemures (D:7)
  24 bullfrogs
  A big kobold (D:4)
  2 earth elementals (Elf:2)
  A wyvern zombie (D:14)
  A water moccasin zombie (D:10)
  A wyvern skeleton (D:13)
  5 scorpions
  10 killer bees
  7 wights
  3 electric eels (Lair:6)
  3 howler monkeys
  A bullfrog zombie (D:11)
  A lava snake (D:8)
  A quasit (D:9)
  A bullfrog skeleton (D:8)
  4 hounds
  29 orc priests
  3 jellies
  6 iguanas
  Jessica (D:3)
  34 orc wizards
  10 worker ants
  A hound zombie (D:10)
  A hound skeleton (D:10)
  6 gnolls
  16 adders
  2 shadow imps
  2 white imps
  3 ufetubi
  5 oozes (Sewer)
  An adder zombie (D:10)
  2 adder skeletons
  9 worms
  3 dart slugs
  7 leopard geckos
  109 orcs
  3 ball pythons
  5 giant cockroaches
  6 goblins
  10 hobgoblins
  14 jackals
  8 kobolds
  3 quokkas
  14 bats
  6 frilled lizards
  A leopard gecko skeleton (D:4)
  A quokka skeleton (D:5)
  8 rats
  A pillar of salt (Elf:2)
1131 creatures vanquished.

Vanquished Creatures (others)
  A merfolk aquamancer (Shoals:4)
  A deep elf knight (Elf:1)
  An unseen horror (D:15)
  A deep elf mage (Elf:1)
  A faun (Shoals:2)
  A merfolk siren (Shoals:2)
  A wind drake (Shoals:2)
  A shadow (D:14)
  34 fungi
  4 pillars of salt (Elf:2)
  108 plants
154 creatures vanquished.

Grand Total: 1285 creatures vanquished

Notes
Turn   | Place    | Note
-------+----------+-------------------------------------------
     0 | D:1      | snilsmaster the Gnoll Fighter began the quest for the Orb.
     0 | D:1      | Reached XP level 1. HP: 23/23 MP: 1/1
   159 | D:1      | Reached XP level 2. HP: 29/29 MP: 2/2
   808 | D:2      | Reached XP level 3. HP: 31/35 MP: 3/3
  1066 | D:2      | Reached skill level 1 in Invocations
  1460 | D:2      | Reached skill level 1 in Short Blades
  1460 | D:2      | Reached skill level 1 in Long Blades
  1460 | D:2      | Reached skill level 1 in Maces & Flails
  1460 | D:2      | Reached skill level 1 in Polearms
  1460 | D:2      | Reached skill level 1 in Staves
  1460 | D:2      | Reached skill level 1 in Slings
  1460 | D:2      | Reached skill level 1 in Bows
  1460 | D:2      | Reached skill level 1 in Crossbows
  1460 | D:2      | Reached skill level 1 in Throwing
  1460 | D:2      | Reached skill level 1 in Dodging
  1460 | D:2      | Reached skill level 1 in Stealth
  1460 | D:2      | Reached skill level 1 in Unarmed Combat
  1460 | D:2      | Reached skill level 1 in Spellcasting
  1460 | D:2      | Reached skill level 1 in Evocations
  1460 | D:2      | Reached XP level 4. HP: 41/41 MP: 5/5
  1467 | D:2      | Found a blossoming altar of Fedhas.
  1908 | D:3      | Reached skill level 1 in Conjurations
  1908 | D:3      | Reached skill level 1 in Hexes
  1908 | D:3      | Reached skill level 1 in Summonings
  1908 | D:3      | Reached skill level 1 in Necromancy
  1908 | D:3      | Reached skill level 1 in Translocations
  1908 | D:3      | Reached skill level 1 in Transmutations
  1908 | D:3      | Reached skill level 1 in Fire Magic
  1908 | D:3      | Reached skill level 1 in Ice Magic
  1908 | D:3      | Reached skill level 1 in Air Magic
  1908 | D:3      | Reached skill level 1 in Earth Magic
  1908 | D:3      | Reached skill level 1 in Poison Magic
  1926 | D:3      | Reached XP level 5. HP: 37/47 MP: 6/6
  2412 | D:3      | Found a glowing drain.
  2432 | Sewer    | Entered a sewer
  3382 | D:3      | Noticed Jessica
  3386 | D:3      | Killed Jessica
  3387 | D:3      | Reached XP level 6. HP: 53/53 MP: 8/8
  3611 | D:4      | Reached skill level 5 in Axes
  3678 | D:4      | Reached XP level 7. HP: 47/59 MP: 10/10
  3787 | D:4      | Found Ezymyomn's Antique Armour Shop.
  3793 | D:4      | Found Vamen's Antique Armour Emporium.
  4555 | D:5      | Entered Level 5 of the Dungeon
  4575 | D:5      | Found Vesoq's Magic Scroll Boutique.
  4990 | D:5      | Found a glowing golden altar of the Shining One.
  5199 | D:5      | Found Kamax's Weapon Shop.
  5406 | D:6      | Reached XP level 8. HP: 63/67 MP: 12/12
  5966 | D:6      | Got a crude spear
  5967 | D:6      | Identified the +3 spear of Accord {vorpal, rPois rF++ Int-5
                  | SInv} (You found it on level 6 of the Dungeon)
  6820 | D:7      | Reached XP level 9. HP: 72/72 MP: 14/14
  7156 | D:7      | Found a staircase to the Ecumenical Temple.
  7164 | Temple   | Entered the Ecumenical Temple
  7176 | Temple   | Became a worshipper of Warmaster Okawaru
  7537 | D:7      | Noticed Pikel
  7545 | D:7      | Killed Pikel
  8829 | D:7      | Noticed an unseen horror
  8846 | D:7      | Killed an unseen horror
  8846 | D:7      | Reached * piety under Okawaru
  8847 | D:7      | Reached skill level 5 in Invocations
  9050 | D:8      | Reached XP level 10. HP: 80/80 MP: 17/17
  9089 | D:8      | Found a staircase to the Lair.
  9089 | D:8      | Noticed an elephant
  9215 | D:7      | Gained mutation: You evolve. [potion of mutation]
  9215 | D:7      | Gained mutation: Armour fits poorly on your strangely
                  | shaped body. [potion of mutation]
  9215 | D:7      | Gained mutation: You are dopey. (Int -2) [potion of
                  | mutation]
  9215 | D:7      | Gained mutation: You are agile. (Dex +2) [potion of
                  | mutation]
  9293 | D:7      | Killed an elephant
  9293 | D:7      | Reached ** piety under Okawaru
  9294 | D:7      | Reached skill level 5 in Short Blades
  9294 | D:7      | Reached skill level 5 in Long Blades
  9294 | D:7      | Reached skill level 5 in Maces & Flails
  9294 | D:7      | Reached skill level 5 in Polearms
  9294 | D:7      | Reached skill level 5 in Staves
  9294 | D:7      | Reached skill level 5 in Slings
  9294 | D:7      | Reached skill level 5 in Bows
  9294 | D:7      | Reached skill level 5 in Crossbows
  9294 | D:7      | Reached skill level 5 in Throwing
  9294 | D:7      | Reached skill level 5 in Dodging
  9294 | D:7      | Reached skill level 5 in Stealth
  9294 | D:7      | Reached skill level 5 in Unarmed Combat
  9294 | D:7      | Reached skill level 5 in Spellcasting
  9294 | D:7      | Reached skill level 5 in Evocations
  9687 | D:8      | Noticed an ogre mage
  9968 | D:8      | Noticed Maggie
  9982 | D:8      | Killed Maggie
 10030 | D:8      | Noticed Psyche
 10032 | D:8      | Found a snail-covered altar of Cheibriados.
 10034 | D:8      | Noticed Joseph
 10048 | D:8      | Killed Joseph
 10052 | D:8      | Killed Psyche
 10414 | D:8      | Noticed Maurice
 10447 | D:8      | Killed Maurice
 10447 | D:8      | Reached *** piety under Okawaru
 10460 | D:8      | Lost mutation: You are agile. (Dex +2) [potion of mutation]
 10460 | D:8      | Lost mutation: You evolve. [potion of mutation]
 10460 | D:8      | Lost mutation: Armour fits poorly on your strangely shaped
                  | body. [potion of mutation]
 10460 | D:8      | Gained mutation: Your movements are slightly less
                  | encumbered by armour. (ER -2) [potion of mutation]
 10460 | D:8      | Gained mutation: You have sharp fingernails. [potion of
                  | mutation]
 10460 | D:8      | Gained mutation: Your muscles are strong. (Str +2) [potion
                  | of mutation]
 10714 | D:8      | Killed an ogre mage
 10715 | D:8      | Reached XP level 11. HP: 87/87 MP: 19/19
 10945 | D:9      | Received a gift from Okawaru
 11149 | D:9      | Found a sacrificial altar of Ru.
 11301 | D:9      | Noticed a two-headed ogre
 11312 | D:9      | Killed a two-headed ogre
 11313 | D:9      | Reached skill level 5 in Conjurations
 11313 | D:9      | Reached skill level 5 in Hexes
 11313 | D:9      | Reached skill level 5 in Summonings
 11313 | D:9      | Reached skill level 5 in Necromancy
 11313 | D:9      | Reached skill level 5 in Translocations
 11313 | D:9      | Reached skill level 5 in Transmutations
 11313 | D:9      | Reached skill level 5 in Fire Magic
 11313 | D:9      | Reached skill level 5 in Ice Magic
 11313 | D:9      | Reached skill level 5 in Air Magic
 11313 | D:9      | Reached skill level 5 in Earth Magic
 11313 | D:9      | Reached skill level 5 in Poison Magic
 11381 | D:9      | Noticed Gastronok
 11402 | D:9      | Killed Gastronok
 11402 | D:9      | Received a gift from Okawaru
 11402 | D:9      | Reached **** piety under Okawaru
 11978 | D:10     | Entered Level 10 of the Dungeon
 12013 | D:10     | Noticed a two-headed ogre
 12035 | D:10     | Killed a two-headed ogre
 12221 | D:10     | Received a gift from Okawaru
 12244 | D:10     | Noticed Josephine
 12346 | D:10     | Killed Josephine
 12364 | D:10     | Reached ***** piety under Okawaru
 12525 | D:10     | Found a portal to a secret trove of treasure.
 13448 | D:11     | You fall into a shaft and drop 1 floor!
 13449 | D:12     | Noticed a two-headed ogre
 13457 | D:12     | Killed a two-headed ogre
 13458 | D:12     | Reached XP level 12. HP: 96/96 MP: 22/22
 14027 | D:11     | Noticed Harold
 14195 | Lair:1   | Entered Level 1 of the Lair of Beasts
 14272 | Lair:1   | Noticed an eight-headed hydra
 14613 | D:8      | Killed an eight-headed hydra
 14613 | D:8      | Received a gift from Okawaru
 14828 | Lair:1   | Received a gift from Okawaru
 15364 | D:4      | Bought a pair of ancient gloves for 218 gold pieces
 15374 | D:4      | Identified the +2 pair of gloves of Qiskak {Harm Will+
                  | Str-2} (You bought it in a shop on level 4 of the Dungeon)
 15390 | D:4      | Bought a distressingly furry chain mail for 237 gold pieces
 15400 | D:4      | Identified the +8 chain mail of a treasure trove {rElec
                  | Regen+ MP-9 Stlth+} (You bought it in a shop on level 4 of
                  | the Dungeon)
 15522 | Lair:1   | Received a gift from Okawaru
 15523 | Lair:1   | Reached skill level 10 in Fighting
 15523 | Lair:1   | Reached skill level 10 in Armour
 15523 | Lair:1   | Reached skill level 10 in Shields
 16291 | Lair:2   | Found a staircase to the Shoals.
 16481 | Lair:2   | Reached XP level 13. HP: 94/103 MP: 24/24
 16516 | Lair:2   | Found a staircase to the Snake Pit.
 16518 | Lair:2   | Noticed Prince Ribbit
 16566 | Lair:1   | Killed Prince Ribbit
 17179 | Lair:1   | Received a gift from Okawaru
 17544 | Lair:2   | Identified a scroll of acquirement
 17544 | Lair:2   | Acquired 701 gold pieces
 17878 | Lair:3   | Reached ****** piety under Okawaru
 17887 | Lair:3   | Received a gift from Okawaru
 18066 | Lair:3   | Found the +8 arc blade {discharge, rElec}
 19495 | Lair:4   | Received a gift from Okawaru
 19497 | Lair:4   | Reached XP level 14. HP: 111/111 MP: 26/26
 19509 | Lair:4   | Reached skill level 10 in Axes
 19530 | Lair:4   | Noticed Urug
 19542 | Lair:4   | Killed Urug
 19904 | D:4      | Bought the +3 warlock's mirror {reflect} for 1000 gold
                  | pieces
 19904 | D:4      | Found the +3 warlock's mirror {reflect}
 20330 | Lair:5   | Received a gift from Okawaru
 20718 | Lair:5   | Found a large runed translucent door.
 20719 | Lair:5   | Found a large runed translucent door.
 20721 | Lair:5   | Noticed Nebesus's ghost (journeyman GrFi)
 20745 | Lair:5   | Killed Nebesus's ghost
 21076 | Lair:5   | Found a viscous altar of Jiyva.
 21076 | Lair:5   | Found a staircase to the Slime Pits.
 21326 | Lair:6   | Entered Level 6 of the Lair of Beasts
 21496 | Lair:6   | Reached skill level 10 in Invocations
 21715 | Lair:6   | Received a gift from Okawaru
 22221 | Lair:6   | Got a spiked chain mail
 22232 | Lair:6   | Identified the cursed +0 chain mail of Entitlement {Dex+6
                  | Stlth+} (You found it on level 6 of the Lair of Beasts)
 22844 | Lair:6   | Received a gift from Okawaru
 22987 | Lair:6   | Reached XP level 15. HP: 119/119 MP: 19/28
 23566 | D:11     | Killed Harold
 23942 | D:11     | Learned a level 2 spell: Swiftness
 24241 | D:4      | Bought a heavily runed plate armour for 700 gold pieces
 24251 | D:4      | Identified the +9 plate armour of the Furrier {Regen+} (You
                  | bought it in a shop on level 4 of the Dungeon)
 24613 | D:12     | Reached XP level 16. HP: 127/127 MP: 20/29
 24846 | D:12     | Got a glittering copper ring
 24848 | D:12     | Identified the ring "Foustrul" {+Inv SInv} (You found it on
                  | level 12 of the Dungeon)
 25086 | D:12     | Found a staircase to the Orcish Mines.
 25330 | D:13     | Reached skill level 10 in Short Blades
 25330 | D:13     | Reached skill level 10 in Long Blades
 25330 | D:13     | Reached skill level 10 in Maces & Flails
 25330 | D:13     | Reached skill level 10 in Polearms
 25330 | D:13     | Reached skill level 10 in Staves
 25330 | D:13     | Reached skill level 10 in Slings
 25330 | D:13     | Reached skill level 10 in Bows
 25330 | D:13     | Reached skill level 10 in Crossbows
 25330 | D:13     | Reached skill level 10 in Throwing
 25330 | D:13     | Reached skill level 10 in Dodging
 25330 | D:13     | Reached skill level 10 in Stealth
 25330 | D:13     | Reached skill level 10 in Unarmed Combat
 25330 | D:13     | Reached skill level 10 in Spellcasting
 25330 | D:13     | Reached skill level 10 in Evocations
 25336 | D:13     | Received a gift from Okawaru
 25345 | D:13     | Noticed Erolcha
 25350 | D:13     | Killed Erolcha
 25502 | D:13     | Received a gift from Okawaru
 25801 | D:13     | Found a gate to the Vaults.
 25970 | D:13     | HP: 6/127 [purple ugly thing (12)]
 26602 | D:14     | Found a runed translucent gate.
 26603 | D:14     | Found a runed translucent gate.
 26605 | D:14     | Found a runed translucent gate.
 26606 | D:14     | Found the amulet of Vitality {Regen+ HP+15}
 26606 | D:14     | Noticed Qymaymp's ghost (adept GrEE)
 27661 | D:14     | Learned a level 2 spell: Blink
 27804 | D:14     | Lost mutation: Your muscles are strong. (Str +2) [potion of
                  | mutation]
 27804 | D:14     | Lost mutation: You are dopey. (Int -2) [potion of mutation]
 27804 | D:14     | Lost mutation: You have sharp fingernails. [potion of
                  | mutation]
 27804 | D:14     | Gained mutation: Your muscles are strong. (Str +2) [potion
                  | of mutation]
 27804 | D:14     | Gained mutation: Your muscles are very strong. (Str +4)
                  | [potion of mutation]
 28092 | D:15     | Entered Level 15 of the Dungeon
 28188 | D:15     | Found a transporter.
 28198 | D:15     | Lost mutation: Your movements are slightly less encumbered
                  | by armour. (ER -2) [potion of mutation]
 28198 | D:15     | Lost mutation: Your muscles are very strong. (Str +4)
                  | [potion of mutation]
 28198 | D:15     | Lost mutation: Your muscles are strong. (Str +2) [potion of
                  | mutation]
 28198 | D:15     | Gained mutation: You evolve. [potion of mutation]
 28198 | D:15     | Lost mutation: You evolve. [potion of mutation]
 28198 | D:15     | Gained mutation: Your muscles are strong. (Str +2) [potion
                  | of mutation]
 28224 | D:15     | Received a gift from Okawaru
 28264 | D:15     | Paralysed by a floating eye for 3 turns
 28448 | D:15     | Got a warped lead ring
 28449 | D:15     | Identified the ring of Qeasioruss {EV+4 Slay+3 Stlth+} (You
                  | found it on level 15 of the Dungeon)
 28576 | D:15     | Found a white marble altar of Elyvilon.
 28888 | D:15     | Reached XP level 17. HP: 133/134 MP: 22/31
 28913 | D:15     | Got a transparent iron ring
 28915 | D:15     | Identified the ring of Zuar {*Tele SInv} (You found it on
                  | level 15 of the Dungeon)
 28965 | D:15     | Found a burning altar of Makhleb.
 29279 | D:4      | Bought a pair of embroidered boots for 172 gold pieces
 29293 | D:4      | Identified a +2 pair of boots of running (You bought it in
                  | a shop on level 4 of the Dungeon)
 29476 | D:13     | Killed Qymaymp's ghost
 29610 | D:15     | Received a gift from Okawaru
 29745 | D:15     | Found a transporter.
 29935 | D:15     | Found a staircase to the Depths.
 30041 | D:15     | Got a slimy lead ring
 30051 | D:15     | Found a burning altar of Makhleb.
 30053 | D:15     | Identified the ring of Lorhuong {Wiz rC+ Dex+2} (You found
                  | it on level 15 of the Dungeon)
 30247 | Orc:1    | Entered Level 1 of the Orcish Mines
 30279 | Orc:1    | Found a roughly hewn altar of Beogh.
 30577 | Orc:2    | Entered Level 2 of the Orcish Mines
 30588 | Orc:2    | Found a staircase to the Elven Halls.
 30616 | Orc:2    | Noticed Sonja
 30617 | Orc:2    | Killed Sonja
 30621 | Orc:2    | Found a runed translucent gate.
 30621 | Orc:2    | Found a runed translucent gate.
 30621 | Orc:2    | Found a runed translucent gate.
 30623 | Orc:2    | Found an opulent altar of Gozag.
 30626 | Orc:2    | Found Tyategir's Assorted Antiques.
 30626 | Orc:2    | Noticed arta456's ghost (journeyman DECj)
 30649 | Orc:2    | Killed arta456's ghost
 30690 | Orc:2    | Found a burning altar of Makhleb.
 31187 | Orc:2    | Found Sostuduxt's Antique Armour Shoppe.
 31792 | Orc:2    | Received a gift from Okawaru
 31852 | Orc:2    | Got a slimy chain mail {god gift}
 31910 | Orc:2    | Identified the +3 chain mail of Zuxiapp {Int+4} (Okawaru
                  | gifted it to you on level 2 of the Orcish Mines)
 32440 | Orc:2    | Found Qiopar's Antique Armour Emporium.
 32441 | Orc:2    | Found Kuteobon's Antique Weapon Shoppe.
 32443 | Orc:2    | Found Kuankoll's General Store.
 32443 | Orc:2    | Found Taaraarr's Jewellery Emporium.
 32754 | Shoals:1 | Entered Level 1 of the Shoals
 33278 | Shoals:1 | Got a brightly glowing morningstar
 33332 | Shoals:1 | Noticed Nikola
 33346 | Shoals:1 | Killed Nikola
 33491 | Shoals:2 | Identified the +5 morningstar of Dismay {holy, *Contam
                  | Str+3} (You found it on level 1 of the Shoals)
 33524 | Shoals:1 | Gained mutation: Scrolls take you a little longer to read.
                  | [mutagenic glow]
 33584 | Shoals:2 | Reached XP level 18. HP: 117/143 MP: 24/33
 33755 | Shoals:2 | Reached skill level 10 in Conjurations
 33755 | Shoals:2 | Reached skill level 10 in Hexes
 33755 | Shoals:2 | Reached skill level 10 in Summonings
 33755 | Shoals:2 | Reached skill level 10 in Necromancy
 33755 | Shoals:2 | Reached skill level 10 in Translocations
 33755 | Shoals:2 | Reached skill level 10 in Transmutations
 33755 | Shoals:2 | Reached skill level 10 in Fire Magic
 33755 | Shoals:2 | Reached skill level 10 in Ice Magic
 33755 | Shoals:2 | Reached skill level 10 in Air Magic
 33755 | Shoals:2 | Reached skill level 10 in Earth Magic
 33755 | Shoals:2 | Reached skill level 10 in Poison Magic
 34030 | Shoals:2 | Received a gift from Okawaru
 34712 | Shoals:3 | Received a gift from Okawaru
 34746 | Shoals:3 | Got a pair of scorched boots {god gift}
 34754 | Shoals:3 | Identified the +0 pair of boots of the Candlemaker {Slay+3}
                  | (Okawaru gifted it to you on level 3 of the Shoals)
 34842 | Shoals:3 | Acquired 832 gold pieces
 35914 | Orc:2    | Bought the +8 lance "Wyrmbane" {slay drac, rPois rF+ rC+
                  | AC+3} for 2504 gold pieces
 35914 | Orc:2    | Found the +8 lance "Wyrmbane" {slay drac, rPois rF+ rC+
                  | AC+3}
 36259 | Shoals:4 | Entered Level 4 of the Shoals
 36515 | Shoals:4 | Noticed Ilsuiw
 36791 | Shoals:3 | HP: 5/154 [snapping turtle (12)]
 37065 | Shoals:4 | Noticed Mara
 37082 | Shoals:4 | Killed Mara
 37082 | Shoals:4 | Received a gift from Okawaru
 37109 | Shoals:4 | Killed Ilsuiw
 37414 | Shoals:4 | Got a barnacled rune of Zot
 37511 | Shoals:4 | Reached XP level 19. HP: 150/150 MP: 26/35
 38137 | Shoals:4 | Received a gift from Okawaru
 38513 | Elf:1    | Entered Level 1 of the Elven Halls
 38515 | Elf:1    | Noticed Azrael
 38631 | Elf:1    | Found Koinkebb's Antique Armour Emporium.
 38806 | Elf:1    | Found Tukihuef's Book Shop.
 38887 | Elf:1    | Received a gift from Okawaru
 39079 | Elf:1    | Found Nixzin's Distillery.
 39163 | Elf:1    | Found Uniseiw's Weapon Shop.
 39336 | Elf:1    | Killed Azrael
 39357 | Elf:1    | Received a gift from Okawaru
 39656 | Elf:1    | Received a gift from Okawaru
 39957 | Elf:2    | Received a gift from Okawaru
 40016 | Elf:2    | Found a ruined gateway.
 40103 | Desolati | Entered the Desolation of Salt
 40259 | Desolati | Received a gift from Okawaru
 40371 | Desolati | Received a gift from Okawaru
 40485 | Desolati | Identified the Compendium of Displaced Transformation
 40487 | Desolati | Identified the Grimoire of Mutagenic Execration
 40491 | Desolati | Identified Sif Muna's Almanac of Transmigration
 40498 | Desolati | Got a warped pewter ring
 40501 | Desolati | Identified the cursed ring of the Republic {rPois EV-4
                  | Int+4} (You found it in the Desolation of Salt)
 40664 | Desolati | Received a gift from Okawaru
 40681 | Desolati | Killed from afar by a halazid warlock

Illustrated notes

Levels and vault maps discovered:
D:1:      dpeg_arrival_refuge, layout_basic
D:2:      layout_basic, fedhas_altar_3, minmay_misc_feat_five
D:3:      layout_loops_cross, cheibrodos_sewer_entry_bend, uniq_jessica
D:4:      layout_rooms, serial_shops, shop_fountains, shop_fountains
D:5:      layout_loops_ring, serial_shops, kennysheep_mini_moat, shop_scrolls,
          basic_altar
D:6:      layout_cave_pools, wad_rectangle_vault
D:7:      layout_basic, minmay_temple_entry_sparse_star, uniq_pikel
D:8:      layout_cave_pools, old_standard_altar, david_lair_generic,
          kennysheep_island_fort, uniq_maurice, uniq_psyche, uniq_joseph,
          uniq_maggie
D:9:      layout_basic, nicolae_ru_sacrificial_ziggurat, uniq_gastronok
D:10:     layout_roguey, nicolae_trove_entry_free_sample,
          corexii_hall_statues_l, minmay_circle_x, uniq_josephine
D:11:     layout_roguey, serial_corexii_hall, corexii_hall_statues_l,
          corexii_hall_statues_t, corexii_hall_statues_u,
          corexii_hall_statues_t, chequers_serial_rivers_room_b,
          minmay_misc_feat_plants, uniq_harold
D:12:     layout_cave_pools, erik_orc_1
D:13:     layout_small_grid, david_vaults_5, uniq_erolcha
D:14:     minmay_triangles_in_corner, layout_rooms, gammafunk_ghost_spectres
D:15:     hangedman_spin_cycle
Temple:   regret_index_temple_chain_breaker
Lair:1:   layout_roguey, chequers_serial_rivers_small_a, lemuel_fruit_tree,
          grunt_megastairs_1, infiniplex_staircase_pool_2
Lair:2:   layout_regular_city, shoals_dummy_entry, dummy_snake_entry,
          guppyfry_lair_drakes, grunt_megastairs_3, uniq_prince_ribbit2
Lair:3:   layout_cave_pods, serial_bayou_shore_b
Lair:4:   layout_loops_ring, grunt_megastairs_5, uniq_urug
Lair:5:   layout_concentric_octagons, dpeg_slime_entry_enclosed_altar,
          ebering_ghost_disaster_area
Lair:6:   gammafunk_lair_ancient_temple, layout_concentric_octagons,
          serial_bayou_pond_b, chequers_serial_rivers_large_a, st_stairs_12,
          minivault_24, nicolae_quartered_pool_super
Shoals:1: layout_shoals, portal_ice_cave_entry_pillars_three, uniq_nikola
Shoals:2: layout_shoals
Shoals:3: layout_shoals
Shoals:4: shoals_end_hangedman, layout_shoals, shoals_ilsuiw_alternative,
          uniq_mara
Orc:1:    layout_caves, mines2_david
Orc:2:    st_orc_congregation, layout_diamond_mine, serial_shops,
          nicolae_shop_trees, ebering_ghost_gozag, basic_altar, uniq_sonja
Elf:1:    elf_arrival_002, layout_gridlike, serial_shops, shop, shop,
          nicolae_shop_stone, shop, hangedman_elf_disciples,
          small_chamber_with_monster, uniq_azrael
Elf:2:    layout_gridlike, portal_desolation_entry_garden
Desolation

Skill      XL: |  1  2  3  4  5  6  7  8  9 10 11 12 13 14 15 16 17 18 19 |
---------------+----------------------------------------------------------+-----
Invocations    | 1 2 3 4 5 6 7 8 9 10 11 12 13 | 13.8
Short Blades   | 1 2 3 4 5 6 7 8 9 10 11 12 | 12.8
Long Blades    | 1 2 3 4 5 6 7 8 9 10 11 12 | 12.8
Maces & Flails | 1 2 3 4 5 6 7 8 9 10 11 12 | 12.8
Polearms       | 1 2 3 4 5 6 7 8 9 10 11 12 | 12.8
Staves         | 1 2 3 4 5 6 7 8 9 10 11 12 | 12.8
Slings         | 1 2 3 4 5 6 7 8 9 10 11 12 | 12.8
Bows           | 1 2 3 4 5 6 7 8 9 10 11 12 | 12.8
Crossbows      | 1 2 3 4 5 6 7 8 9 10 11 12 | 12.8
Throwing       | 1 2 3 4 5 6 7 8 9 10 11 12 | 12.8
Dodging        | 1 2 3 4 5 6 7 8 9 10 11 12 | 12.8
Stealth        | 1 2 3 4 5 6 7 8 9 10 11 12 | 12.8
Unarmed Combat | 1 2 3 4 5 6 7 8 9 10 11 12 | 12.8
Spellcasting   | 1 2 3 4 5 6 7 8 9 10 11 12 | 12.8
Evocations     | 1 2 3 4 5 6 7 8 9 10 11 12 | 12.8
Conjurations   | 1 2 3 4 5 6 7 8 9 10 11 | 11.0
Hexes          | 1 2 3 4 5 6 7 8 9 10 11 | 11.0
Summonings     | 1 2 3 4 5 6 7 8 9 10 11 | 11.0
Necromancy     | 1 2 3 4 5 6 7 8 9 10 11 | 11.0
Translocations | 1 2 3 4 5 6 7 8 9 10 11 | 11.0
Transmutations | 1 2 3 4 5 6 7 8 9 10 11 | 11.0
Fire Magic     | 1 2 3 4 5 6 7 8 9 10 11 | 11.0
Ice Magic      | 1 2 3 4 5 6 7 8 9 10 11 | 11.0
Air Magic      | 1 2 3 4 5 6 7 8 9 10 11 | 11.0
Earth Magic    | 1 2 3 4 5 6 7 8 9 10 11 | 11.0
Poison Magic   | 1 2 3 4 5 6 7 8 9 10 11 | 11.0
Axes           | 5 6 7 8 9 10 11 12 13 | 13.4
Fighting       | 7 8 9 10 11 12 13 14 | 14.0
Armour         | 7 8 9 10 11 12 13 14 | 14.0
Shields        | 7 8 9 10 11 12 13 14 | 14.0

Action                   |  1- 3 |  4- 6 |  7- 9 | 10-12 | 13-15 | 16-18 | 19-21 || total
-------------------------+-------+-------+-------+-------+-------+-------+-------++-------
Melee: War axe           |    84 |   210 |   153 |    63 |   133 |       |       ||   643
       Bite              |     6 |    34 |    46 |   109 |   123 |   198 |    90 ||   606
       Spear             |       |       |   104 |   642 |    68 |       |       ||   814
       Demon whip        |       |       |       |       |    62 |     8 |       ||    70
       Rapier            |       |       |       |       |   353 |  1275 |    65 ||  1693
       Lance             |       |       |       |       |       |   123 |   440 ||   563
Throw: Javelin           |       |       |    21 |     9 |       |    93 |    43 ||   166
       Throwing net      |       |       |     1 |     2 |       |     7 |       ||    10
       Boomerang         |       |       |       |   109 |    73 |   218 |    78 ||   478
 Cast: Swiftness         |       |       |       |       |       |     1 |       ||     1
       Blink             |       |       |       |       |       |       |     4 ||     4
Invok: Heroism           |       |       |       |     3 |       |     1 |       ||     4
       Finesse           |       |       |       |     1 |       |     2 |       ||     3
 Abil: Evoke Invisibilit |       |       |       |       |     2 |    13 |     3 ||    18
Evoke: Wand              |       |       |       |     2 |     2 |     1 |       ||     5
  Use: Scroll            |       |     5 |     3 |    14 |    12 |    17 |     4 ||    55
       Potion            |       |     2 |       |     6 |     1 |    11 |     1 ||    21
 Stab: Sleeping          |       |       |       |    10 |    10 |    23 |     2 ||    45
       Paralysed         |       |       |       |     5 |     5 |       |       ||    10
       Distracted        |       |       |       |     1 |       |     2 |     1 ||     4
       Invisible         |       |       |       |       |     2 |    18 |     8 ||    28
Armor: Scale mail        |    34 |    82 |   105 |   116 |       |       |       ||   337
       Chain mail        |       |       |       |    29 |   142 |   368 |   152 ||   691
       Skin              |       |       |       |       |       |   109 |       ||   109
Dodge: Dodged            |    37 |    65 |   110 |   339 |   242 |   717 |   273 ||  1783
       Repelled          |       |       |       |     2 |     2 |     3 |       ||     7
Block: Kite shield       |    61 |   116 |   162 |   474 |   179 |       |       ||   992
       Buckler           |       |       |       |       |    97 |   721 |   200 ||  1018
       Reflection        |       |       |       |       |     3 |    88 |    28 ||   119
